 Dungeon Crawl Stone Soup version 0.28.0-45-g0d030f2227 (webtiles) character file.

Game seed: 6137474268414024936

1535 raph the Reanimator (level 8, -10/40 HPs)
             Began as a Deep Elf Necromancer on May 28, 2022.
             Was a Follower of Hepliaklqana.
             Mangled by an iguana (11 damage)
             ... on level 7 of the Dungeon.
             The game lasted 00:12:58 (9391 turns).

raph the Reanimator (Deep Elf Necromancer)          Turns: 9391, Time: 00:12:59

Health: -10/40     AC: 12    Str:  5    XL:     8   Next: 55%
Magic:  10/18      EV: 13    Int: 23    God:    Hepliaklqana [*.....]
Gold:   327        SH:  0    Dex: 17    Spells: 3/18 levels left

rFire   . . .      SeeInvis .   x - +2 dagger (venom)
rCold   . . .      Faith    .   (no shield)
rNeg    + . .      Spirit   .   m - +7 leather armour of Gupsoh {Dex+2}
rPois   .          Reflect  .   p - +1 helmet
rElec   .          Harm     .   (no cloak)
rCorr   .          Rampage  .   (no gloves)
Will    .....                   (no boots)
Stlth   +++.......              (no amulet)
HPRegen 0.13/turn               (no ring)
MPRegen 0.16/turn               g - ring of positive energy

@: mesmerised
A: reduced essence
a: Renounce Religion, Recall Ancestor, Ancestor Identity


You were on level 7 of the Dungeon.
You worshipped Hepliaklqana.
Hepliaklqana was aware of your devotion.
You visited 1 branch of the dungeon, and saw 7 of its levels.

You collected 347 gold pieces.
You spent 20 gold pieces at shops.

Inventory:

Hand Weapons
 c - a +0 hunting sling
 h - a +2 hunting sling of flaming
 i - a +0 short sword of venom
 j - a +2 mace of draining
 x - a +2 dagger of venom (weapon)
Missiles
 d - 46 sling bullets
 s - 11 poisoned darts
Armour
 a - a +0 robe
 k - the +1 leather armour of Dithmenos's Hatred {+Blink}
   (You took it off a goblin on level 2 of the Dungeon)

   +Blink:    It lets you blink.
 m - the +7 leather armour of Gupsoh (worn) {Dex+2}
   (You found it on level 2 of the Dungeon)

   Dex:       It affects your dexterity (+2).
 p - a +1 helmet (worn)
Jewellery
 g - a ring of positive energy (right hand)
 q - the ring of the Morning {Ice rElec Str+3 Dex+3}
   (You found it on level 4 of the Dungeon)

   [ring of ice]

   It enhances your ice magic.
   Str:       It affects your strength (+3).
   Dex:       It affects your dexterity (+3).
   rF:        It makes you vulnerable to fire.
   rC:        It protects you from cold.
   rElec:     It insulates you from electricity.
 r - a +6 ring of dexterity
 y - an amulet of regeneration
Wands
 B - a wand of polymorph (4)
Scrolls
 e - a scroll of holy word
 o - 2 scrolls of blinking
 z - a scroll of vulnerability {unknown}
 A - a scroll of teleportation
Potions
 b - 2 potions of might
 f - 4 potions of cancellation
 l - a potion of invisibility {unknown}
 n - a potion of brilliance {unknown}
 t - 3 potions of attraction {unknown}
 u - 3 potions of lignification {unknown}
 v - 2 potions of curing {unknown}
 w - 2 potions of mutation {unknown}


   Skills:
 + Level 2.9 Fighting
 + Level 5.1 Dodging
 + Level 5.5 Stealth
 + Level 5.9 Spellcasting
 + Level 3.3 Conjurations
 * Level 8.3 Necromancy
 + Level 3.5 Fire Magic


You had 3 spell levels left.
You knew the following spells:

 Your Spells              Type           Power      Damage    Failure   Level
a - Pain                  Necr           100%       1d9       1%          1
b - Animate Skeleton      Necr           90%        N/A       1%          1
c - Vampiric Draining     Necr           45%        2d9       1%          3
d - Animate Dead          Necr           22%        N/A       4%          4
e - Foxfire               Conj/Fire      88%        2x1d8     3%          1
f - Agony                 Necr           45%        N/A       13%         5

Your spell library contained the following spells:

 Spells                   Type           Power      Damage    Failure   Level
 Corpse Rot               Necr/Air       52%        N/A       3%          2
 Conjure Flame            Conj/Fire      22%        6-21      11%         3
 Inner Flame              Hex/Fire       14%        N/A       21%         3
 Poisonous Vapours        Pois/Air       12%        N/A       22%         2
 Excruciating Wounds      Necr           22%        N/A       13%         5
 Flame Wave               Conj/Fire      22%        2d7       34%         4
 Borgnjor's Revivificati  Necr           22%        N/A       100%        8
 Necromutation            Tmut/Necr      13%        N/A       100%        8
 Death's Door             Necr           22%        N/A       100%        9


Dungeon Overview and Level Annotations

Branches:
Dungeon (7/15)             Temple (0/1) D:5

Altars:
Cheibriados
Hepliaklqana

Shops:
D:2 ?

Annotations:
D:6 1 exclusion
D:7 Maggie


Message History

Space warps around Amenemopet.
Casting: Foxfire (safe; 3% risk of failure)
Confirm with . or Enter, or press ? or * to list all spells.
You conjure some foxfire!
The foxfire hits the water moccasin!
The water moccasin is almost dead.
The foxfire hits the water moccasin.
You kill the water moccasin!
The iguana bites you but does no damage.
Maggie hits Amenemopet with a +1 scimitar of distortion!
Amenemopet is destroyed!
Casting: Foxfire (safe; 3% risk of failure)
Confirm with . or Enter, or press ? or * to list all spells.
You conjure some foxfire!
The foxfire hits the iguana.
The iguana is heavily wounded.
The foxfire hits Maggie.
Maggie is lightly wounded.
The iguana closely misses you. Maggie casts a spell at you.
The bolt of fire misses you.
Casting: Foxfire (safe; 3% risk of failure)
Confirm with . or Enter, or press ? or * to list all spells.
You conjure some foxfire!
The foxfire hits Maggie but does no damage.
Maggie is lightly wounded.
The foxfire hits the iguana.
The iguana is almost dead.
The iguana barely misses you.
Maggie says, "Leave now, and tell all of Margery's mercy!"
Maggie points at you and mumbles some strange words.
The bolt of fire hits you!!
Ouch! That really hurt!
* * * LOW HITPOINT WARNING * * *
Casting: Foxfire (safe; 3% risk of failure)
Confirm with . or Enter, or press ? or * to list all spells.
You conjure some foxfire!
The foxfire hits Maggie.
Maggie is lightly wounded.
The foxfire hits Maggie.
Maggie is lightly wounded.
The iguana bites you!
You die...

##### ....# ....#
....# ...## #####
##.####### ##...##
#.#.....#####.....##
#..##...>.##..§v...#
##.##...#..#..§@...#
#..#.####.#...vl..#
##.#.# #....@...##
.......###.$...#
##.###. .......# #..
## ........# ##..
.........#
##.......##
##.#...##


You could see Maggie (mesmerising) and an iguana (ally target).

Vanquished Creatures
  2 water moccasins
  An orc warrior (D:5)
  An ogre (D:4)
  A gnoll sergeant (D:6)
  3 water moccasin skeletons
  4 howler monkeys
  7 hounds
  5 orc priests
  A bullfrog skeleton (D:6)
  Natasha (thrice) (D:4)
  2 orc wizards (D:4)
  A killer bee zombie (D:4)
  4 gnolls (D:6)
  3 adders
  3 worms
  A dart slug (D:2)
  15 orcs
  A bat (D:2)
  8 endoplasms
  3 giant cockroaches
  10 goblins
  12 hobgoblins
  5 kobolds
  2 quokkas
  2 ball pythons (D:2)
  2 frilled lizards (D:2)
  2 rats
  A spectral goblin (D:3)
105 creatures vanquished.

Vanquished Creatures (collateral kills)
  A scorpion (D:6)
  A hound (D:6)
  An orc (D:5)
3 creatures vanquished.

Vanquished Creatures (others)
  An ancestor (D:7)
  An orc (D:5)
  264 foxfires
  6 plants (D:6)
272 creatures vanquished.

Grand Total: 380 creatures vanquished

Notes
Turn   | Place    | Note
-------+----------+-------------------------------------------
     0 | D:1      | raph the Deep Elf Necromancer began the quest for the Orb.
     0 | D:1      | Reached XP level 1. HP: 10/10 MP: 6/6
   410 | D:1      | Learned a level 1 spell: Animate Skeleton
   483 | D:1      | Reached skill level 5 in Necromancy
   823 | D:1      | Reached XP level 2. HP: 13/15 MP: 5/8
  1704 | D:2      | Reached XP level 3. HP: 17/20 MP: 5/9
  1708 | D:2      | Learned a level 3 spell: Vampiric Draining
  1796 | D:2      | Identified the +1 leather armour of Dithmenos's Hatred
                  | {+Blink}
  1919 | D:2      | Found Zunwed's Magic Scroll Shoppe.
  1924 | D:2      | Bought a scroll of identify for 20 gold pieces
  2096 | D:2      | Identified the +7 leather armour of Gupsoh {Dex+2}
  2701 | D:3      | Reached XP level 4. HP: 20/24 MP: 6/11
  2989 | D:3      | Learned a level 1 spell: Foxfire
  2994 | D:3      | Learned a level 4 spell: Animate Dead
  3210 | D:3      | Reached skill level 1 in Fighting
  3358 | D:3      | Found a faded altar of an unknown god.
  3731 | D:4      | Identified the ring of the Morning {Ice rElec Str+3 Dex+3}
  3829 | D:4      | Noticed Natasha
  3835 | D:4      | Killed Natasha
  3836 | D:4      | Reached XP level 5. HP: 16/29 MP: 1/13
  3928 | D:4      | Reached skill level 6 in Necromancy
  4000 | D:4      | Reached skill level 1 in Conjurations
  4000 | D:4      | Reached skill level 1 in Fire Magic
  4167 | D:4      | Reached XP level 6. HP: 34/34 MP: 1/14
  4668 | D:4      | Noticed Natasha
  5151 | D:4      | Found a hazy altar of Hepliaklqana.
  5155 | D:4      | Found a snail-covered altar of Cheibriados.
  5160 | D:4      | Became a worshipper of Hepliaklqana the Forgotten
  5229 | D:4      | Killed Natasha
  5286 | D:4      | Noticed Natasha
  5290 | D:4      | Killed Natasha
  5291 | D:4      | Reached XP level 7. HP: 37/39 MP: 7/16
  5306 | D:4      | Learned a level 5 spell: Agony
  5582 | D:5      | Entered Level 5 of the Dungeon
  6176 | D:5      | Reached skill level 7 in Necromancy
  6241 | D:5      | Reached skill level 5 in Spellcasting
  7251 | D:5      | Found a staircase to the Ecumenical Temple.
  7623 | D:5      | Reached XP level 8. HP: 41/45 MP: 8/18
  7838 | D:6      | Reached skill level 5 in Stealth
  7961 | D:6      | Reached * piety under Hepliaklqana
  8552 | D:6      | Reached skill level 8 in Necromancy
  8852 | D:6      | Noticed a cyclops
  9271 | D:7      | Reached skill level 5 in Dodging
  9380 | D:7      | Noticed Maggie
  9390 | D:7      | HP: 1/40 [Maggie/bolt of fire (21)]
  9391 | D:7      | Mangled by an iguana

Illustrated notes

Levels and vault maps discovered:
D:1:      minmay_arrival_split_and_join, layout_basic, serial_forest,
          infiniplex_forest_clump_C, infiniplex_forest_lined_corner,
          infiniplex_forest_end_2, infiniplex_forest_end_1,
          infiniplex_forest_side_room, infiniplex_forest_lined_3,
          infiniplex_forest_lined_3
D:2:      minmay_evil_eye, layout_basic, serial_shops, shop_statue
D:3:      layout_basic, dreamdust_ecumenical_altar_drowned_temple
D:4:      layout_rooms, nicolae_overflow_squiral, uniq_natasha
D:5:      layout_basic, minmay_temple_entry_waves, sigmund_army
D:6:      cheibrodos_two_vegetables, layout_basic
D:7:      layout_rooms, lemuel_another_geyser, uniq_maggie

Skill      XL: |  1  2  3  4  5  6  7  8 |
---------------+-------------------------+-----
Necromancy     | 5 6 7 8 |  8.3
Stealth        | 3 4 5 |  5.5
Dodging        | 3 4 5 |  5.1
Fighting       | 1 2 |  2.9
Spellcasting   | 4 5 |  5.9
Conjurations   | 1 2 3 |  3.3
Fire Magic     | 1 2 3 |  3.5

Action                   |  1- 3 |  4- 6 |  7- 9 || total
-------------------------+-------+-------+-------++-------
Melee: Mace              |     3 |     8 |    11 ||    22
       Short sword       |       |       |     2 ||     2
 Cast: Pain              |    60 |    26 |    13 ||    99
       Animate Skeleton  |     2 |     2 |     1 ||     5
       Vampiric Draining |     2 |    16 |    21 ||    39
       Foxfire           |       |    47 |   102 ||   149
       Animate Dead      |       |     2 |     7 ||     9
  Use: Scroll            |     7 |       |     7 ||    14
       Potion            |       |       |     2 ||     2
 Stab: Sleeping          |       |     1 |       ||     1
Armor: Leather armour    |       |    14 |    30 ||    44
Dodge: Dodged            |     4 |    19 |    61 ||    84
